 Dungeon Crawl Stone Soup version 0.29-a0-121-g8efb068a30 (webtiles) character file.

Game seed: 1527899054197191696

187 Gargoyl the Skirmisher (level 5, -1/34 HPs)
             Began as a Gargoyle Abyssal Knight on Feb 20, 2022.
             Was a Believer of Lugonu.
             Killed from afar by Dowan (5 damage)
             ... with a puff of frost
             ... on level 4 of the Dungeon.
             The game lasted 00:03:27 (4201 turns).

Gargoyl the Skirmisher (Gargoyle Abyssal Knight)    Turns: 4201, Time: 00:03:27

Health: -1/34      AC: 14    Str: 18    XL:     5   Next: 66%
Magic:  6/6        EV:  7    Int: 11    God:    Lugonu [**....]
Gold:   182        SH:  0    Dex: 10    Spells: 4/4 levels left

rFire   . . .      SeeInvis .   a - +2 hand axe
rCold   . . .      Faith    .   (no shield)
rNeg    + . .      Spirit   .   h - +1 chain mail
rPois   ∞          Reflect  .   (no helmet)
rElec   +          Harm     .   (no cloak)
rCorr   .          Rampage  .   (no gloves)
Will    .....                   (no boots)
Stlth   ..........              (no amulet)
HPRegen 0.11/turn               (no ring)
MPRegen 0.10/turn               (no ring)

@: no status effects
A: sickness immunity, AC +4, negative energy resistance 1, electricity
resistance, torment resistance 1, petrification resistance
a: Renounce Religion, Depart the Abyss, Bend Space


You were on level 4 of the Dungeon.
You worshipped Lugonu.
Lugonu was pleased with you.
You visited 1 branch of the dungeon, and saw 4 of its levels.
You visited the Abyss 1 time.

You collected 182 gold pieces.

Inventory:

Hand Weapons
 a - a +2 hand axe (weapon)
Armour
 h - a +1 chain mail (worn)
Scrolls
 c - 2 scrolls of teleportation
 d - a scroll of identify
 e - a scroll of fog
 f - 2 scrolls of enchant armour
Potions
 b - a potion of curing
 g - 3 potions of might {unknown}


   Skills:
 + Level 4.4 Fighting
 + Level 3.4 Axes
 + Level 3.7 Armour
 + Level 1.3 Dodging
 + Level 2.1 Invocations


You had 4 spell levels left.
You didn't know any spells.
Your spell library was empty.

Dungeon Overview and Level Annotations

Branches:
Dungeon (4/15)
 Temple: D:4-7

Altars:

Annotations:
D:4 Dowan, Duvessa


Innate Abilities, Weirdness & Mutations

You are immune to sickness and miasma.
Your stone body is resilient. (AC +4)
You are immune to poison.
You resist negative energy. (rN+)
You are resistant to electric shocks. (rElec)
You are resistant to unholy torment.
You are immune to petrification.


Message History

A ball python comes into view.
The ball python hisses angrily.
A ball python is nearby!
A ball python is nearby!
Found a scale mail.
You slash the ball python!
You kill the ball python!
Lugonu accepts your kill.
You see here a ball python corpse.
You open the door.
Found an escape hatch in the floor.
There is an open door here.
You now have 182 gold pieces (gained 10).
There is an open door here.
You open the door.
Found a robe.
There is an open door here.
You hear the brisk hiss of a distant avalanche of sand.
You open the door.
There is an open door here.
Dowan, Brother of Duvessa comes into view.
He is wielding a +0 dagger.
Duvessa, Sister of Dowan comes into view.
She is wielding a +1 short sword of distortion.
Duvessa shouts!
Unknown command.
Duvessa hits you with a +1 short sword of distortion.
Space warps around you. Dowan hits you but does no damage.
Unknown command.
You slash Duvessa!
Duvessa is lightly wounded.
You slash Dowan!
Duvessa hits you with a +1 short sword of distortion.
Space warps around you. Dowan hits you but does no damage.
You hit Duvessa.
Duvessa is moderately wounded.
You miss Dowan. Duvessa hits you but does no damage.
Space warps horribly around you!
* * * LOW HITPOINT WARNING * * *
Dowan gestures at you while chanting. The puff of frost hits you.
You die...

............#
...........#
........#
........#
#####...#
##..##...#
.........#
......e..#
.......@.#
.......e.#
.........#
####.....#
#.....#
......#
#......#
+......#


You could see Duvessa and Dowan.

Vanquished Creatures
  A centaur skeleton (D:4)
  2 orc priests (D:3)
  A howler monkey skeleton (D:4)
  An adder skeleton (D:4)
  3 dart slugs (D:1)
  6 orcs (D:3)
  5 endoplasms
  A giant cockroach (D:1)
  9 goblins
  6 hobgoblins
  4 jackals (D:1)
  4 quokkas
  9 ball pythons
  4 bats
  6 frilled lizards
  6 kobolds
  5 rats
73 creatures vanquished.

Vanquished Creatures (others)
  A plant (D:2)
1 creature vanquished.

Grand Total: 74 creatures vanquished

Notes
Turn   | Place    | Note
-------+----------+-------------------------------------------
     0 | Abyss:1  | Gargoyl the Gargoyle Abyssal Knight began the quest for the
                  | Orb.
     0 | Abyss:1  | Reached XP level 1. HP: 14/14 MP: 2/2
    51 | Abyss:1  | Noticed a large abomination
    52 | D:1      | Escaped the Abyss
   482 | D:1      | Reached XP level 2. HP: 18/19 MP: 3/3
   506 | D:1      | Reached * piety under Lugonu
  1017 | D:1      | Reached skill level 4 in Fighting
  1048 | D:1      | Reached XP level 3. HP: 16/24 MP: 4/4
  1530 | D:1      | Reached skill level 1 in Dodging
  2059 | D:2      | Found a faded altar of an unknown god.
  2151 | D:2      | Reached ** piety under Lugonu
  2166 | D:2      | Reached XP level 4. HP: 21/29 MP: 5/5
  3197 | D:3      | Reached XP level 5. HP: 13/34 MP: 6/6
  4195 | D:4      | Noticed Dowan
  4196 | D:4      | Noticed Duvessa
  4201 | D:4      | Killed from afar by Dowan

Illustrated notes

Levels and vault maps discovered:
D:1:      sevenhm_arrival_forest_fort_large_3, layout_basic,
          minmay_misc_feat_five, chequers_serial_rivers_room_b
D:2:      layout_basic, ebering_ecumenical_altar_hall,
          minmay_misc_feat_more_columns, serial_bayou_pond_b
D:3:      layout_basic
D:4:      layout_gridville, nicolae_ossuary_entry_monument, serial_rivers,
          chequers_serial_rivers_micro_a, chequers_serial_rivers_room_a,
          chequers_serial_rivers_room_a, chequers_serial_rivers_large_b,
          uniq_duvessa

Skill      XL: |  1  2  3  4  5 |
---------------+----------------+-----
Axes           | 2 3 |  3.4
Fighting       | 4 |  4.4
Dodging        | 1 |  1.3
Armour         | 3 |  3.7
Invocations    | |  2.1

Action                   |  1- 3 |  4- 6 || total
-------------------------+-------+-------++-------
Melee: Hand axe          |   125 |    74 ||   199
Invok: Depart the Abyss  |     1 |       ||     1
  Use: Scroll            |     3 |     5 ||     8
       Potion            |       |     4 ||     4
Armor: Leather armour    |    13 |       ||    13
       Chain mail        |    90 |    76 ||   166
Dodge: Dodged            |    68 |    54 ||   122

Table legend: (Time is in decaauts)
 A = Elapsed time spent in this place.
 B = Non-inter-level travel time spent in this place.
 C = Inter-level travel time spent in this place.
 D = Time resting spent in this place.
 E = Time spent auto-exploring this place.
 F = Levels seen in this place.
 G = Mean time per level.
                   A        B        C        D        E       F      G
               +--------+--------+--------+--------+--------+-----+--------+
         Total |   4252 |   4146 |    106 |      0 |   3537 |   5 |  850.4 |
       Dungeon |   4199 |   4093 |    106 |      0 |   3486 |   4 | 1049.8 |
         Abyss |     52 |     52 |      0 |      0 |     51 |   1 |   52.0 |
               +--------+--------+--------+--------+--------+-----+--------+

Top non-repeatable levels by time:
     D:1: 1768 daAuts
     D:2: 1141 daAuts
     D:3: 970 daAuts
     D:4: 318 daAuts
 Abyss:1: 52 daAuts
